SAA
ASHEVILLE HIGHLANDERS @ BELVEDERE PARK RAWHIDES
06/17/2022
 
TOP OF THE 1ST
Asheville Highlanders batting - Pitching for Belvedere Park Rawhides : LHP Santiago Romo
Pitching: LHP Santiago Romo
Batting: RHB Armando Alvarado 0-0: Ball
1-0: Called Strike
1-1: Ball
2-1: Foul Ball, location: 2F
2-2: SINGLE (Groundball, 56D)
Batting: LHB Robert Adams 0-0: Ball
1-0: Ball
2-0: SINGLE (Groundball, 34D)
Armando Alvarado to second
Runner from 2nd tries for 3rd, SAFE, no throw or cutoff
Batting: RHB Paco Vásquez 0-0: Foul Ball, location: 2F
0-1: Called Strike
0-2: Ball
Balk!
Armando Alvarado scores
Robert Adams to second
1-2: Ball
2-2: Fly out, F7 (Flyball, 7M)
Batting: RHB Thomas Morris 0-0: Swinging Strike
0-1: Ball
1-1: Fly out, F9 (Popup, 34D)
Batting: LHB Anthony Trigg 0-0: Ball
1-0: Ground out U3 (Groundball, 3S)
Top of the 1st over - 1 run(s), 2 hit(s), 0 error(s), 1 left on base; Asheville 1 - Belvedere Park 0
BOTTOM OF THE 1ST
Belvedere Park Rawhides batting - Pitching for Asheville Highlanders : RHP Manny Pérez
Pitching: RHP Manny Pérez
Batting: RHB Ralph McKnight 0-0: Ball
1-0: Ball
2-0: Ball
3-0: Base on Balls
Batting: RHB Pedro Jiménez 0-0: Called Strike
0-1: Grounds into double play, 5-4-3 (Groundball, 5L)
Batting: RHB Bob Sargent 0-0: Ball
1-0: Foul Ball, location: 2F
1-1: Fly out, F7 (Flyball, 78D)
Bottom of the 1st over - 0 run(s), 0 hit(s), 0 error(s), 0 left on base; Asheville 1 - Belvedere Park 0
TOP OF THE 2ND
Asheville Highlanders batting - Pitching for Belvedere Park Rawhides : LHP Santiago Romo
Batting: SHB Gonzalo Valentín 0-0: Swinging Strike
0-1: Ball
1-1: Foul Ball, location: 2F
1-2: Ball
2-2: Strikes out swinging
Batting: SHB Chris Cordell 0-0: Called Strike
0-1: Fly out, F8 (Flyball, 89D)
Batting: RHB Edén Mont 0-0: Ball
1-0: Ball
2-0: Ball
3-0: Base on Balls
Batting: RHB Luis Alomar 0-0: Ball
1-0: Swinging Strike
1-1: SINGLE (Groundball, 56D) (infield hit)
Edén Mont to second
Batting: RHB Armando Alvarado 0-0: Foul Ball, location: 2F
0-1: Called Strike
0-2: Strikes out looking
Top of the 2nd over - 0 run(s), 1 hit(s), 0 error(s), 2 left on base; Asheville 1 - Belvedere Park 0
BOTTOM OF THE 2ND
Belvedere Park Rawhides batting - Pitching for Asheville Highlanders : RHP Manny Pérez
Batting: LHB Christian Blair 0-0: Ball
1-0: Called Strike
1-1: Ball
2-1: Ball
3-1: Ground out U3 (Groundball, 3)
Batting: SHB Ron Bunch 0-0: Foul Ball, location: 2F
0-1: Fly out, F8 (Flyball, 8RM)
Batting: LHB Dinis Marcha 0-0: Fly out, F7 (Popup, 56D)
Bottom of the 2nd over - 0 run(s), 0 hit(s), 0 error(s), 0 left on base; Asheville 1 - Belvedere Park 0
TOP OF THE 3RD
Asheville Highlanders batting - Pitching for Belvedere Park Rawhides : LHP Santiago Romo
Batting: LHB Robert Adams 0-0: Called Strike
0-1: Ball
1-1: Foul Ball, location: 2F
1-2: Strikes out looking
Batting: RHB Paco Vásquez 0-0: Ground out 4-3 (Groundball, 4M)
Batting: RHB Thomas Morris 0-0: Foul Ball, location: 2F
0-1: Ground out 5-3 (Groundball, 56)
Top of the 3rd over - 0 run(s), 0 hit(s), 0 error(s), 0 left on base; Asheville 1 - Belvedere Park 0
BOTTOM OF THE 3RD
Belvedere Park Rawhides batting - Pitching for Asheville Highlanders : RHP Manny Pérez
Batting: SHB Juan Barbán 0-0: Ground out U3 (Groundball, 3S)
Batting: SHB Ryan Cook 0-0: Ball
1-0: Ball
2-0: Foul Ball, location: 2F
2-1: Ball
3-1: Base on Balls
Batting: SHB Javier Valle 0-0: Ball
1-0: Fielders Choice at 2nd, 1-4 (Groundball, 15S)
Batting: RHB Ralph McKnight 0-0: Called Strike
Javier Valle is caught stealing 2nd base
Bottom of the 3rd over - 0 run(s), 0 hit(s), 0 error(s), 0 left on base; Asheville 1 - Belvedere Park 0
TOP OF THE 4TH
Asheville Highlanders batting - Pitching for Belvedere Park Rawhides : LHP Santiago Romo
Batting: LHB Anthony Trigg 0-0: Hit by Pitch
Batting: SHB Gonzalo Valentín 0-0: Swinging Strike
0-1: Foul Ball, location: 2F
0-2: Ball
Anthony Trigg steals 2nd base
1-2: Foul Ball, location: 2F
1-2: Foul Ball, location: 2F
1-2: Ball
2-2: Ball
3-2: Ground out 6-3 (Groundball, 56)
Batting: SHB Chris Cordell 0-0: Ball
1-0: Foul Ball, location: 2F
1-1: Foul Ball, location: 2F
1-2: Ball
2-2: Foul Ball, location: 2F
2-2: Reached on error, E5 (Groundball, 5L)
Anthony Trigg scores
Batting: RHB Edén Mont 0-0: Fly out, F8 (Flyball, 8RM)
Batting: RHB Luis Alomar 0-0: SINGLE (Line Drive, 8LS)
Chris Cordell to third
Runner from 3rd tries for Home, SAFE, throw made home
Batting: RHB Armando Alvarado 0-0: Ball
1-0: Foul Ball, location: 2F
1-1: Ball
2-1: Called Strike
2-2: Strikes out swinging
Top of the 4th over - 2 run(s), 1 hit(s), 1 error(s), 1 left on base; Asheville 3 - Belvedere Park 0
BOTTOM OF THE 4TH
Belvedere Park Rawhides batting - Pitching for Asheville Highlanders : RHP Manny Pérez
Batting: RHB Ralph McKnight 0-0: Bunt for hit - play at first, batter OUT! 3-4
Batting: RHB Pedro Jiménez 0-0: Ground out 5-3 (Groundball, 56)
Batting: RHB Bob Sargent 0-0: Reached on error, E5 (Groundball, 5S)
Batting: LHB Christian Blair 0-0: Ball
1-0: DOUBLE (Line Drive, 78M)
Bob Sargent scores
Batting: SHB Ron Bunch 0-0: Ground out 4-3 (Groundball, 4)
Bottom of the 4th over - 1 run(s), 1 hit(s), 1 error(s), 1 left on base; Asheville 3 - Belvedere Park 1
TOP OF THE 5TH
Asheville Highlanders batting - Pitching for Belvedere Park Rawhides : LHP Santiago Romo
Batting: LHB Robert Adams 0-0: Ball
1-0: Ground out U3 (Groundball, 3S)
Batting: RHB Paco Vásquez 0-0: Swinging Strike
0-1: Foul Ball, location: 2F
0-2: SINGLE (Groundball, 56D)
Batting: RHB Thomas Morris 0-0: Called Strike
0-1: Fly out, F8 (Flyball, 8RM)
Batting: LHB Anthony Trigg 0-0: Swinging Strike
0-1: Foul Ball, location: 2F
0-2: Strikes out looking
Top of the 5th over - 0 run(s), 1 hit(s), 0 error(s), 1 left on base; Asheville 3 - Belvedere Park 1
BOTTOM OF THE 5TH
Belvedere Park Rawhides batting - Pitching for Asheville Highlanders : RHP Manny Pérez
Batting: LHB Dinis Marcha 0-0: Ground out 5-3 (Groundball, 56)
Batting: SHB Juan Barbán 0-0: SINGLE (Groundball, 34)
Batting: SHB Ryan Cook 0-0: Ball
1-0: Fly out, F8 (Flyball, 8LM)
Batting: SHB Javier Valle 0-0: Called Strike
0-1: Ball
1-1: Ball
2-1: Ball
3-1: Fielders Choice at 2nd, 5-4 (Groundball, 56)
Bottom of the 5th over - 0 run(s), 1 hit(s), 0 error(s), 0 left on base; Asheville 3 - Belvedere Park 1
TOP OF THE 6TH
Asheville Highlanders batting - Pitching for Belvedere Park Rawhides : LHP Santiago Romo
Batting: SHB Gonzalo Valentín 0-0: Ball
1-0: Ball
2-0: Ball
3-0: Called Strike
3-1: Foul Ball, location: 2F
3-2: Base on Balls
Batting: SHB Chris Cordell 0-0: Sac Bunt - play at second, runner OUT! 5-6
Batting: RHB Edén Mont 0-0: Grounds into double play, 4-6-3 (Groundball, 4)
Top of the 6th over - 0 run(s), 0 hit(s), 0 error(s), 0 left on base; Asheville 3 - Belvedere Park 1
BOTTOM OF THE 6TH
Belvedere Park Rawhides batting - Pitching for Asheville Highlanders : RHP Manny Pérez
Batting: RHB Ralph McKnight 0-0: Ball
1-0: Ball
2-0: Swinging Strike
2-1: Ground out 6-3 (Groundball, 6M)
Batting: RHB Pedro Jiménez 0-0: Called Strike
0-1: Ball
1-1: Foul Ball, location: 2F
1-2: Foul Ball, location: 2F
1-2: Foul Ball, location: 2F
1-2: Ball
2-2: Foul Ball, location: 2F
2-2: Ground out 5-3 (Groundball, 56)
Batting: RHB Bob Sargent 0-0: Fly out, F8 (Flyball, 8LM)
Bottom of the 6th over - 0 run(s), 0 hit(s), 0 error(s), 0 left on base; Asheville 3 - Belvedere Park 1
TOP OF THE 7TH
Asheville Highlanders batting - Pitching for Belvedere Park Rawhides : LHP Santiago Romo
Batting: RHB Luis Alomar 0-0: Called Strike
0-1: Ball
1-1: Called Strike
1-2: Strikes out swinging
Batting: RHB Armando Alvarado 0-0: Ball
1-0: Foul Ball, location: 2F
1-1: Ball
2-1: Foul Ball, location: 2F
2-2: Ball
3-2: Foul Ball, location: 2F
3-2: DOUBLE (Line Drive, 7LS)
Pitching: LHP Doug Ferguson
Batting: LHB Robert Adams 0-0: Ball
1-0: Ball
2-0: Foul Ball, location: 2F
2-1: Foul Ball, location: 2F
2-2: Fly out, F2 (Popup, 23F)
Batting: RHB Paco Vásquez 0-0: Ground out 5-3 (Groundball, 56)
Top of the 7th over - 0 run(s), 1 hit(s), 0 error(s), 1 left on base; Asheville 3 - Belvedere Park 1
BOTTOM OF THE 7TH
Belvedere Park Rawhides batting - Pitching for Asheville Highlanders : RHP Manny Pérez
Batting: LHB Christian Blair 0-0: Ball
1-0: Ball
2-0: Ball
3-0: Base on Balls
Batting: SHB Ron Bunch 0-0: Ball
1-0: Grounds into double play, 4-6-3 (Groundball, 4)
Batting: LHB Dinis Marcha 0-0: SINGLE (Line Drive, 9LS)
Batting: SHB Juan Barbán 0-0: Swinging Strike
0-1: Ground out 1-3 (Groundball, 25)
Bottom of the 7th over - 0 run(s), 1 hit(s), 0 error(s), 1 left on base; Asheville 3 - Belvedere Park 1
TOP OF THE 8TH
Asheville Highlanders batting - Pitching for Belvedere Park Rawhides : LHP Doug Ferguson
Batting: RHB Thomas Morris 0-0: Ball
1-0: Ground out 6-3 (Groundball, 6)
Batting: LHB Anthony Trigg 0-0: Foul Ball, location: 2F
0-1: Foul Ball, location: 2F
0-2: Ground out U3 (Groundball, 3)
Batting: SHB Gonzalo Valentín 0-0: Called Strike
0-1: Ball
1-1: Ball
2-1: SINGLE (Groundball, 6MD)
Batting: SHB Chris Cordell 0-0: Swinging Strike
0-1: Foul Ball, location: 2F
0-2: Ball
1-2: Foul Ball, location: 2F
1-2: Strikes out swinging
Top of the 8th over - 0 run(s), 1 hit(s), 0 error(s), 1 left on base; Asheville 3 - Belvedere Park 1
BOTTOM OF THE 8TH
Belvedere Park Rawhides batting - Pitching for Asheville Highlanders : RHP Manny Pérez
Batting: SHB Ryan Cook 0-0: Called Strike
0-1: Called Strike
0-2: Strikes out looking
Batting: SHB Javier Valle 0-0: Ball
1-0: Called Strike
1-1: Ball
2-1: Ball
3-1: Ground out U3 (Groundball, 3S)
Batting: RHB Ralph McKnight 0-0: Ball
1-0: Ball
2-0: Ball
3-0: Called Strike
3-1: Base on Balls
Batting: RHB Pedro Jiménez 0-0: Ground out 6-3 (Groundball, 6)
Bottom of the 8th over - 0 run(s), 0 hit(s), 0 error(s), 1 left on base; Asheville 3 - Belvedere Park 1
TOP OF THE 9TH
Asheville Highlanders batting - Pitching for Belvedere Park Rawhides : LHP Doug Ferguson
Batting: RHB Edén Mont 0-0: Called Strike
0-1: Foul Ball, location: 2F
0-2: Foul Ball, location: 2F
0-2: Ball
1-2: Ball
2-2: Strikes out swinging
Batting: RHB Luis Alomar 0-0: Ball
1-0: Swinging Strike
1-1: Fly out, F8 (Flyball, 89S)
Batting: RHB Armando Alvarado 0-0: Ball
1-0: Swinging Strike
1-1: Ball
2-1: Ball
3-1: Swinging Strike
3-2: Strikes out swinging
Top of the 9th over - 0 run(s), 0 hit(s), 0 error(s), 0 left on base; Asheville 3 - Belvedere Park 1
BOTTOM OF THE 9TH
Belvedere Park Rawhides batting - Pitching for Asheville Highlanders : RHP Manny Pérez
Pitching: RHP Brandeis Göller
Batting: RHB Bob Sargent 0-0: Ball
1-0: Ground out 6-3 (Groundball, 6)
Batting: LHB Christian Blair 0-0: Foul Ball, location: 2F
0-1: Ball
1-1: Foul Ball, location: 2F
1-2: Foul Ball, location: 2F
1-2: Foul Ball, location: 2F
1-2: Ground out 4-3 (Groundball, 34)
Batting: SHB Ron Bunch 0-0: Swinging Strike
0-1: Foul Ball, location: 2F
0-2: Ball
1-2: Fly out, F4 (Line Drive, 4)
Bottom of the 9th over - 0 run(s), 0 hit(s), 0 error(s), 0 left on base; Asheville 3 - Belvedere Park 1
This league is powered by Out of the Park Baseball, the baseball management simulation game for PC, Mac and Linux
Friday, April 15th, 2016 - OOTP Baseball 16.9 Build 39